 Dungeon Crawl Stone Soup version 0.20.0-15-g7f486f2 (webtiles) character file.

67 dvd the Grave Robber (level 4, -3/36 HPs)
             Began as a Deep Dwarf Necromancer on June 13, 2017.
             Killed from afar by Natasha (4 damage)
             ... with a magic dart
             ... on level 2 of the Dungeon.
             The game lasted 00:08:35 (1931 turns).

dvd the Grave Robber (Deep Dwarf Necromancer)       Turns: 1931, Time: 00:08:36

Health: -3/36      AC:  5    Str: 12    XL:     4   Next: 0%
Magic:  2/7        EV: 11    Int: 16    God:
Gold:   132        SH:  0    Dex: 13    Spells: 3/7 levels left

rFire    . . .     SeeInvis .   r - +1 club
rCold    . . .     Gourm    .   (no shield)
rNeg     . . .     Faith    .   i - +0 ring mail
rPois    .         Spirit   .   (no helmet)
rElec    .         Reflect  .   (no cloak)
rCorr    .         Harm     .   (no gloves)
MR       .....                  (no boots)
Stlth    +.........             l - amulet of inaccuracy (curse)
Regen    0.0/turn               s - ring of wizardry
MPRegen  0.1/turn               (no ring)

@: very slightly contaminated, non-regenerating
A: damage resistance, heal wounds, sense surroundings 1, no regeneration
a: Heal Wounds


You were on level 2 of the Dungeon.
You were hungry.

You visited 1 branch of the dungeon, and saw 2 of its levels.

You collected 132 gold pieces.

Inventory:

Hand Weapons
 r - a +1 club (weapon)
Armour
 a - a +0 robe
 i - a +0 ring mail (worn)
Jewellery
 l - a cursed amulet of inaccuracy (around neck)
 s - a ring of wizardry (left hand)
Scrolls
 e - 2 scrolls of identify
 m - a scroll of teleportation
Books
 b - a book of Necromancy

   Spells                             Type                      Level
   a - Pain                           Necromancy                   1
   b - Animate Skeleton               Necromancy                   1
   c - Vampiric Draining              Necromancy                   3
   d - Regeneration                   Charms/Necromancy            3
   e - Animate Dead                   Necromancy                   4
   f - Control Undead                 Necromancy                   4
Comestibles
 c - a bread ration
 f - a chunk of flesh
 o - a meat ration


   Skills:
 + Level 0.6 Throwing
 + Level 0.9 Armour
 + Level 2.2 Dodging
 + Level 2.6 Stealth
 + Level 0.1 Unarmed Combat
 + Level 2.4 Spellcasting
 + Level 5.2 Necromancy


You had 3 spell levels left.
You knew the following spells:

 Your Spells              Type           Power        Failure   Level  Hunger
a - Pain                  Necr           ###.         2%          1    #......
b - Vampiric Draining     Necr           ###.......   6%          3    ###....


Dungeon Overview and Level Annotations

Branches:
Dungeon (2/15)

Altars:
Ashenzari

Annotations:
D:2 Natasha, Sigmund


Innate Abilities, Weirdness & Mutations

You are resistant to damage.
You can heal yourself by infusing magical energy.
You passively map a small area around you.
You do not regenerate.


Message History

As you read the scroll of teleportation, it crumbles to dust.
You feel strangely unstable. Sigmund closely misses you.
You feel a little less mighty now.
A worm comes into view.
Your surroundings suddenly seem different.
Found a stone staircase leading up and a stone staircase leading down.
A rat and a goblin come into view.
Found 7 poisoned needles.
The goblin shouts!
Found 12 gold pieces.
Natasha, Servant of Life and Death comes into view.
Natasha hisses angrily.
Natasha stares at you and mumbles some strange words.
The magic dart hits you!
* * * LOW HITPOINT WARNING * * *
There is a stone staircase leading up here.
Natasha casts a spell at you. The magic dart hits you!
You die...

####..#.#.######.#.######## #....
#####.......##............# #....
......##.##.##............# #....
##.##.#...#...............# #....
#...#.......##............# #....
..........#.##............# #....
#....#...##.##............# #....
##...###.....#.....g......# #....
....###...##....@.r.......# #....
.##...#....#......>.......# #....
.#........................###....
.......#...#.....................
%#...#.#*.##.$#####.####+#......#
.##.##...,..h.* #(# #.........#
......,#.##.#,* #.#*#..#......#
..+....,....*,* *.##..........#
..######,#.,*,*****,............#


You could see Natasha, a goblin and a rat.

Vanquished Creatures
  2 adders
  3 dart slugs
  2 leopard geckos
  2 ball pythons
  7 bats
  A giant cockroach (D:2)
  4 goblins
  4 hobgoblins
  4 jackals (D:1)
  5 frilled lizards
  3 kobolds
  3 rats
40 creatures vanquished.

Vanquished Creatures (others)
  A giant cockroach (D:2)
1 creature vanquished.

Grand Total: 41 creatures vanquished

Notes
Turn   | Place    | Note
-------+----------+-------------------------------------------
     0 | D:1      | dvd the Deep Dwarf Necromancer began the quest for the Orb.
     0 | D:1      | Reached XP level 1. HP: 15/15 MP: 3/3
   194 | D:1      | Reached XP level 2. HP: 8/22 MP: 2/4
   533 | D:1      | Reached skill level 5 in Necromancy
   715 | D:1      | Found a shattered altar of Ashenzari.
  1007 | D:1      | Reached XP level 3. HP: 7/28 MP: 1/6
  1012 | D:1      | Learned a level 3 spell: Vampiric Draining
  1558 | D:2      | Noticed Sigmund
  1908 | D:2      | Reached XP level 4. HP: 22/36 MP: 1/7
  1929 | D:2      | Noticed Natasha
  1930 | D:2      | HP: 1/36 [Natasha/magic dart (4)]
  1931 | D:2      | Killed from afar by Natasha

Skill      XL: |  1  2 |
---------------+-------+-----
Necromancy     | 5 |  5.2
Spellcasting   | 2 |  2.4
Throwing       | |  0.6
Armour         | |  0.9
Dodging        | |  2.2
Stealth        | |  2.6
Unarmed Combat | |  0.1

Action                   |  1- 3 |  4- 6 || total
-------------------------+-------+-------++-------
Melee: Unarmed           |    28 |       ||    28
       Club              |    13 |     1 ||    14
Throw: Tomahawk          |    17 |     2 ||    19
 Cast: Pain              |    53 |     2 ||    55
       Vampiric Draining |    12 |       ||    12
 Abil: Heal Wounds       |     2 |       ||     2
  Use: Scroll            |     8 |     1 ||     9
       Potion            |     2 |       ||     2
  Eat: Chunk             |     5 |       ||     5
Armor: Ring mail         |    52 |     1 ||    53
Dodge: Dodged            |    81 |     4 ||    85
